 Dungeon Crawl Stone Soup version 0.29.1-13-g9f3cf754e1 (webtiles) character file.

Game seed: 10838851573169808105

34 Ayven the Ruffian (level 3, 0/28 HPs)
             Began as a Draconian Transmuter on Feb 8, 2023.
             Slain by an adder (1 damage)
             ... on level 2 of the Dungeon.
             The game lasted 00:04:20 (997 turns).

Ayven the Ruffian (Draconian Transmuter)             Turns: 997, Time: 00:04:20

Health: 0/28       AC:  5    Str: 14    XL:     3   Next: 14%
Magic:  6/6        EV: 12    Int: 13    God:
Gold:   23         SH:  0    Dex: 11    Spells: 5/6 levels left

rFire   . . .      SeeInvis .     - Unarmed
rCold   . . .      Faith    .   (no shield)
rNeg    . . .      Spirit   .   (body armour unavailable)
rPois   .          Reflect  .   (helmet restricted)
rElec   .          Harm     .   (no cloak)
rCorr   .          Rampage  .   (no gloves)
Will    .....                   (no boots)
Stlth   +.........              (no amulet)
HPRegen 0.09/turn               (no ring)
MPRegen 0.10/turn               (no ring)

@: no status effects
A: AC +5, unfitting armour, cold-blooded
a: no special abilities


You were on level 2 of the Dungeon.
You visited 1 branch of the dungeon, and saw 2 of its levels.

You collected 23 gold pieces.

Inventory:

Jewellery
 f - a ring of see invisible
Scrolls
 c - a scroll of silence {unknown}
 d - a scroll of identify {unknown}
 h - a scroll of amnesia {unknown}
Potions
 a - a potion of lignification
 b - a potion of brilliance {unknown}
 e - 3 potions of invisibility {unknown}
 g - a potion of attraction {unknown}


   Skills:
 + Level 1.2 Fighting
 + Level 1.9 Dodging
 + Level 3.9 Unarmed Combat
 + Level 2.1 Spellcasting
 + Level 2.2 Transmutations


You had 5 spell levels left.
You knew the following spells:

 Your Spells              Type           Power      Damage    Failure   Level
a - Beastly Appendage     Tmut           14%        N/A       10%         1

Your spell library contained the following spells:

 Spells                   Type           Power      Damage    Failure   Level
 Wereblood                Tmut           7%         N/A       16%         2
 Spider Form              Tmut/Pois      4%         N/A       43%         3
 Ice Form                 Ice/Tmut       4%         N/A       85%         4


Dungeon Overview and Level Annotations

Branches:
Dungeon (2/15)

Altars:

Shops:
D:2 !


Innate Abilities, Weirdness & Mutations

Your plain brown scales are hard. (AC +5)
You cannot fit into any form of body armour.
You are cold-blooded and may be slowed by cold attacks.


Message History

The bat attacks as you move away! The bat hits you but does no damage.
The quokka attacks as you move away! The quokka bites you.
You feel sick. The bat misses you.
You feel sick. The bat hits you but does no damage.
The quokka closely misses you.
You feel sick.
You miss the quokka.
You feel sick. The bat barely misses you. The quokka bites you.
* * * LOW HITPOINT WARNING * * *
The bat barely misses you. The adder bites you but does no damage.
You closely miss the quokka.
You feel sick. The bat barely misses you. The quokka barely misses you.
The adder bites you but does no damage. The bat hits you but does no damage.
You miss the quokka.
You feel sick.
You are no longer poisoned.
The bat barely misses you. The quokka bites you.
* * * LOW HITPOINT WARNING * * *
The adder closely misses you. The quokka attacks as you move away!
The quokka barely misses you. The adder attacks as you move away!
The adder closely misses you. The bat misses you.
The adder attacks as you move away! The adder closely misses you.
The bat hits you but does no damage. The quokka completely misses you.
The bat barely misses you. The quokka bites you.
* * * LOW HITPOINT WARNING * * *
The bat attacks as you move away! The bat misses you. x2
The bat closely misses you. The bat hits you but does no damage.
You hit the bat.
You kill the bat!
You hit the adder. Your punch misses the adder.
The adder is heavily wounded.
The adder bites you.
* * * LOW HITPOINT WARNING * * *
The adder closely misses you.
You barely miss the adder.
The adder is heavily wounded.
The quokka closely misses you. The adder bites you.
You die...

#.. #.#...†....#... .# # #..
#.#.........########.#$#
###.######.#..................#).
....##...........................
.#...#........................#
(....'........................#
.....#..........g####......†..###
...<.....(.....rS# #............
................@# #.........#..
##...............# #....##.§...#
#....############ #....#..§§§..
#....# ######.≈≈§≈≈. #....#
#.≈≈≈≈≈. ##+#.# #.§≈§§≈. .#
.≈≈§..


You could see an adder, a quokka and a goblin.

Vanquished Creatures
  2 dart slugs
  3 endoplasms (D:1)
  A giant cockroach (D:1)
  4 goblins (D:1)
  3 hobgoblins (D:1)
  2 jackals (D:1)
  A kobold (D:1)
  A quokka (D:1)
  3 bats
  A frilled lizard (D:1)
  6 rats
27 creatures vanquished.

Notes
Turn   | Place    | Note
-------+----------+-------------------------------------------
     0 | D:1      | Ayven the Draconian Transmuter began the quest for the Orb.
     0 | D:1      | Reached XP level 1. HP: 16/16 MP: 3/3
   314 | D:1      | Reached XP level 2. HP: 16/23 MP: 5/5
   951 | D:2      | Found Veaqem's Distillery.
   955 | D:2      | Reached XP level 3. HP: 28/28 MP: 6/6
   996 | D:2      | HP: 1/28 [adder (3)]
   997 | D:2      | Slain by an adder

Illustrated notes

Levels and vault maps discovered:
D:1:      matt_arrival_grand_opening, layout_basic, serial_corexii_hall,
          corexii_hall_statues_i, corexii_hall_statues_t,
          chequers_hall_statues_corner_a, chequers_hall_statues_corner_a,
          serial_bayou_ford_a
D:2:      layout_basic, serial_shops, nicolae_lakefront_shop,
          nicolae_shop_behind_doors, nicolae_lakefront_shop, shop_fountains,
          nicolae_shop_bloodbath_and_beyond, minmay_strange_pillars,
          minmay_split_cup_large

Action                   || total
-------------------------++-------
Melee: Unarmed           ||    96
       Tailslap          ||    13
       Punch             ||     2
Armor: Skin              ||    53
Dodge: Dodged            ||   120
